 Dungeon Crawl Stone Soup version 0.27-a0-869-g165b36e3f0 (webtiles) character file.

Game seed: 16247560539148884983

1429 robertstho the Magician (level 8, -3/56 HPs)
             Began as a Djinni Fire Elementalist on Apr 2, 2021.
             Slain by a wight
             ... wielding a +0 dire flail
              (16 damage)
             ... on level 5 of the Dungeon.
             The game lasted 00:09:24 (6110 turns).

robertstho the Magician (Djinni Fire Elementalist)  Turns: 6110, Time: 00:09:24

Health: -3/56      AC:  4    Str:  6 (7)  XL:     8   Next: 73%
Gold:   198        EV: 12    Int: 18 (19) God:
                   SH:  0    Dex: 12 (14)

rFire    + + +     SeeInvis .   A - +2 spear (venom)
rCold    x x .     Faith    .   (no shield)
rNeg     . . .     Spirit   .   a - +0 robe
rPois    ∞         Reflect  +   (no helmet)
rElec    .         Harm     .   m - +1 cloak
rCorr    .         Rampage  .   (no gloves)
Will     .....                  (boots unavailable)
Stlth    +.........             p - amulet of reflection
HPRegen  0.18/turn              o - ring of fire
MPRegen  0.00/turn              (no ring)

@: confused, ambrosia-drunk, flying, studying Fighting
A: fire resistance 2, cold vulnerability 1, float, innate caster, hp casting,
extra vitality 1
a: no special abilities


You were on level 5 of the Dungeon.
You visited 1 branch of the dungeon, and saw 6 of its levels.

You collected 198 gold pieces.

Inventory:

Hand Weapons
 b - a +0 long sword of draining
 i - a +2 dire flail of holy wrath
 x - a +1 falchion of protection
 A - a +2 spear of venom (weapon)
Armour
 a - a +0 robe (worn)
 h - a +2 robe of willpower
 m - a +1 cloak (worn)
Jewellery
 o - a ring of fire (left hand)
 p - an amulet of reflection (around neck)
Scrolls
 l - 3 scrolls of immolation
 s - a scroll of fear
 y - a scroll of enchant armour
Potions
 c - 3 potions of might
 d - 2 potions of mutation
 f - a potion of ambrosia
 g - 2 potions of lignification {unknown}
 j - 2 potions of degeneration
 k - a potion of heal wounds {unknown}
 t - a potion of flight {unknown}
 u - a potion of brilliance
 z - a potion of cancellation


   Skills:
 * Level 3.4 Fighting
 + Level 1.2 Long Blades
 + Level 0.6 Polearms
 + Level 3.2 Dodging
 + Level 2.6 Stealth
 + Level 1.1 Shields
 * Level 7.9 Spellcasting


You couldn't memorise any spells.
You knew the following spells:

 Your Spells              Type           Power      Damage    Failure   Level
a - Foxfire               Conj/Fire      100%       2x1d9     1%          1
b - Conjure Flame         Conj/Fire      52%        6-21      1%          3
c - Inner Flame           Hex/Fire       52%        N/A       1%          3
d - Sticky Flame          Conj/Fire      52%        2d7       3%          4
e - Fireball              Conj/Fire      26%        3d12      11%         5
f - Apportation           Tloc           70%        N/A       1%          1
g - Blink                 Tloc           N/A        N/A       1%          2
h - Static Discharge      Conj/Air       35%        N/A       1%          3
Your spell library was empty.

Dungeon Overview and Level Annotations

Branches:
Dungeon (6/15)
 Temple: D:4-7

Altars:
The Shining One

Shops:
D:5 (

Annotations:
D:6 Eustachio


Innate Abilities, Weirdness & Mutations

You are immune to poison.
Your flesh is very heat resistant. (rF++)
You are vulnerable to cold. (rC-)
You float through the air rather than walking.
You learn spells naturally, not from books.
Your magical power is your life essence.
You have superior vitality. (+4 HP)


Message History

The bat barely misses you. The bat hits you but does no damage.
A wight comes into view.
It is wielding a +5 great sword of freezing.
You block the bat's attack.
The river rat twitches its whiskers.
The bat closely misses you. The wight closely misses you. The bat hits you.
The wight closely misses you. The bat misses you. You block the bat's attack.
There is a stone staircase leading up here.
You block the bat's attack.
The wight hits you with a +0 dire flail!
* * * LOW HITPOINT WARNING * * *
You fly upwards.
There is a stone staircase leading down here.
You fade into invisibility!
You are very lightly contaminated with residual magic.
The wight barely misses you.
You flicker for a moment.
As you read the scroll labelled QESIS XONUEG, it crumbles to dust.
It is a scroll of enchant armour.
Your +0 cloak glows green for a moment.
You flicker back into view.
As you read the scroll labelled RONGAI ROSS, it crumbles to dust.
It is a scroll of brand weapon.
Your +0 long sword craves living souls!
b - a +0 long sword of draining The wight misses you.
Your magical contamination has completely faded away.
Okay, then.
Okay, then.
It was a potion of degeneration.
There was something very wrong with that liquid.
You feel weakened.
You feel dopey.
You feel clumsy. You block the wight's attack.
It was a potion of ambrosia.
You are confused.
You feel invigorated.
The wight hits you with a +0 dire flail!
* * * LOW HITPOINT WARNING * * *
The wight hits you with a +0 dire flail!
You die...

##.##.........#.##.######.#.....#
.#.##.........'..#..............#
.'.##.........##.##.#####.......#
.####...........................#
.# #.........##.##..####........
.# #.........##.###.####.#....##
.# #.........##.###.##..........
.# #...##.##....z....#[#.#######
.# #...##.##.##@####.#)#.# .#
#...##.#<..#.# #.).#.#
.####...##.....#.# #...#.#
........##.....#.# #...#.# #####
......####.....#.# #.#.#.# #....
......# #.#..##.####.#...# #....
......# #.#..#....##.#...# #....
......# #.#..#....##.#...# #....
##########.#..#....##.#..># #....


You could see a wight.

Vanquished Creatures
  A hornet (D:5)
  Edmund (D:6)
  A black bear (D:5)
  Blork the orc (D:6)
  A gnoll sergeant (D:5)
  2 scorpions (D:5)
  A water moccasin skeleton (D:5)
  A wight (D:6)
  A howler monkey (D:6)
  A centaur zombie (D:6)
  3 jellies
  4 hounds
  An orc priest (D:6)
  Jessica (D:3)
  A bullfrog skeleton (D:5)
  2 iguanas (D:4)
  Natasha (D:3)
  An orc wizard (D:4)
  7 gnolls
  5 adders
  An adder skeleton (D:5)
  A worm (D:3)
  20 orcs
  5 ball pythons
  4 endoplasms
  6 giant cockroaches
  3 goblins
  5 hobgoblins
  A quokka (D:2)
  7 bats
  3 frilled lizards (D:1)
  4 kobolds
  2 kobold zombies (D:6)
  16 rats
115 creatures vanquished.

Vanquished Creatures (collateral kills)
  2 foxfires (D:5)
2 creatures vanquished.

Vanquished Creatures (others)
  348 foxfires
  2 plants
350 creatures vanquished.

Grand Total: 467 creatures vanquished

Notes
Turn   | Place    | Note
-------+----------+-------------------------------------------
     0 | D:1      | robertstho the Djinni Fire Elementalist began the quest for
                  | the Orb.
     0 | D:1      | Reached XP level 1. HP: 15/15 MP: 0/0
    27 | D:1      | Reached skill level 3 in Spellcasting
    27 | D:1      | Reached XP level 2. HP: 18/21 MP: 0/0
   594 | D:1      | Reached XP level 3. HP: 25/26 MP: 0/0
   594 | D:1      | Learned a level 1 spell: Apportation
  1361 | D:2      | Reached skill level 1 in Fighting
  1606 | D:2      | Reached XP level 4. HP: 30/32 MP: 0/0
  1924 | D:2      | Reached skill level 4 in Spellcasting
  2174 | D:3      | Noticed Jessica
  2178 | D:3      | Killed Jessica
  2581 | D:3      | Reached XP level 5. HP: 33/37 MP: 0/0
  2581 | D:3      | Learned a level 2 spell: Blink
  2721 | D:3      | Noticed Natasha
  2725 | D:3      | Killed Natasha
  2908 | D:4      | Reached skill level 5 in Spellcasting
  2914 | D:4      | Reached XP level 6. HP: 28/42 MP: 0/0
  3405 | D:4      | Found a glowing golden altar of the Shining One.
  3755 | D:5      | Entered Level 5 of the Dungeon
  3946 | D:5      | Reached XP level 7. HP: 46/48 MP: 0/0
  3946 | D:5      | Learned a level 3 spell: Static Discharge
  3977 | D:5      | Noticed a hornet
  3989 | D:5      | Killed a hornet
  3990 | D:5      | Reached skill level 6 in Spellcasting
  4308 | D:5      | Reached XP level 8. HP: 35/55 MP: 0/0
  4464 | D:5      | Found Ciheobe's Hydra Hut.
  4481 | D:5      | Noticed a five-headed hydra
  4934 | D:5      | Reached skill level 7 in Spellcasting
  5133 | D:5      | Reached skill level 1 in Long Blades
  5734 | D:6      | Noticed Blork the orc
  5750 | D:6      | Killed Blork the orc
  5831 | D:6      | Noticed Edmund
  5837 | D:6      | Reached skill level 1 in Shields
  5848 | D:6      | Killed Edmund
  5858 | D:6      | Identified a scroll of acquirement
  5858 | D:6      | Acquired a manual of Fighting
  5922 | D:6      | Noticed Eustachio
  6110 | D:5      | Slain by a wight

Illustrated notes

Levels and vault maps discovered:
D:1:      dpeg_arrival_simpleton_a, layout_basic, minmay_rat_gold_closets
D:2:      layout_loops_ring, st_stairs_14
D:3:      cheibrodos_old_hovel, layout_rooms, uniq_natasha, uniq_jessica
D:4:      layout_loops_ring, marbit_many_paths, hangedman_decor_lopped
D:5:      layout_basic, serial_bayou_pond_a, doesnt_shop_hydraphobe
D:6:      layout_basic, nicolae_ossuary_entry_giza, dk_vineyard_3,
          uniq_eustachio, uniq_blork_the_orc, uniq_edmund

Skill      XL: |  1  2  3  4  5  6  7  8 |
---------------+-------------------------+-----
Spellcasting   | 3 4 5 6 7 |  7.9
Fighting       | 1 2 3 |  3.4
Stealth        | 2 |  2.6
Long Blades    | 1 |  1.2
Dodging        | 3 |  3.2
Shields        | 1 |  1.1
Polearms       | |  0.6

Action                   |  1- 3 |  4- 6 |  7- 9 || total
-------------------------+-------+-------+-------++-------
Melee: Long sword        |       |     3 |       ||     3
       Falchion          |       |       |     4 ||     4
       Spear             |       |       |    24 ||    24
 Cast: Foxfire           |    69 |    98 |    49 ||   216
       Sticky Flame      |       |       |    19 ||    19
  Use: Scroll            |       |       |    15 ||    15
       Potion            |       |       |     4 ||     4
 Stab: Sleeping          |       |       |     2 ||     2
Armor: Robe              |     4 |     3 |    32 ||    39
Dodge: Dodged            |    14 |    14 |    76 ||   104
Block: Other             |       |     8 |    36 ||    44
       Reflection        |       |       |     1 ||     1
       Rpst.: Long sword |     8 |       |       ||     8
       Falchion          |       |     3 |     6 ||     9

Table legend: (Time is in decaauts)
 A = Elapsed time spent in this place.
 B = Non-inter-level travel time spent in this place.
 C = Inter-level travel time spent in this place.
 D = Time resting spent in this place.
 E = Time spent auto-exploring this place.
 F = Levels seen in this place.
 G = Mean time per level.
                   A        B        C        D        E       F      G
               +--------+--------+--------+--------+--------+-----+--------+
         Total |   6113 |   5928 |    185 |     10 |   4906 |   6 | 1018.8 |
       Dungeon |   6113 |   5928 |    185 |     10 |   4906 |   6 | 1018.8 |
               +--------+--------+--------+--------+--------+-----+--------+

Top non-repeatable levels by time:
     D:5: 1476 daAuts
     D:1: 1143 daAuts
     D:2: 1029 daAuts
     D:4: 979 daAuts
     D:6: 882 daAuts
     D:3: 601 daAuts
